 Dungeon Crawl Stone Soup version 0.23.0 (webtiles) character file.

Game seed: 3071745946129387733

70350 LostNumber the Destroyer (level 14, -4/83 HPs)
             Began as a Deep Elf Fire Elementalist on Feb 19, 2019.
             Was a High Priest of Vehumet.
             Slain by a tyrant leech (32 damage)
             ... on level 1 of the Swamp.
             The game lasted 01:14:48 (24054 turns).

LostNumber the Destroyer (DEFE)                    Turns: 24054, Time: 01:14:48

Health: -4/83      AC:  4    Str:  5    XL:     14   Next: 93%
Magic:  16/42      EV: 25    Int: 26    God:    Vehumet [*****.]
Gold:   271        SH:  8    Dex: 15    Spells: 1/39 levels left

rFire    + . .     SeeInvis .   G - staff of energy {!a}
rCold    + + .     Gourm    .   D - +0 buckler
rNeg     . . .     Faith    .   O - +2 robe {rC+}
rPois    .         Spirit   .   q - +0 hat
rElec    .         Reflect  +   L - scarf {rC+ rF+}
rCorr    .         Harm     .   (no gloves)
MR       +....                  (no boots)
Stlth    ++++......             j - +3 amulet of reflection
HPRegen  0.23/turn              b - +3 ring of evasion
MPRegen  0.28/turn              m - ring of magical power

@: very slightly contaminated, slowed, very slow
A: no striking features
a: Renounce Religion


You were on level 1 of the Swamp.
You worshipped Vehumet.
Vehumet was extremely pleased with you.
You were not hungry.

You visited 5 branches of the dungeon, and saw 23 of its levels.
You also visited: Ice Cave.

You collected 986 gold pieces.
You spent 715 gold pieces at shops.

Inventory:

Hand Weapons
 g - a +4 short sword of venom
   (You took it off Duvessa on level 5 of the Dungeon)
 n - a +1 falchion of electrocution
   (You found it on level 6 of the Dungeon)
 r - a +1 scimitar of flaming
   (You took it off Erica on level 8 of the Dungeon)
 y - a cursed +3 spear of freezing
   (You took it off a wight on level 7 of the Dungeon)
 J - a +4 demon whip of freezing
   (You found it in an ice cave)
 S - a +0 fustibalus
   (You found it on level 5 of the Dungeon)
Armour
 a - a +0 robe
 i - a scarf of repulsion
   (You found it on level 1 of the Dungeon)
 q - a +0 hat (worn)
   (You found it on level 5 of the Dungeon)
 D - a +0 buckler (worn)
   (You found it on level 5 of the Dungeon)
 L - a scarf of resistance (worn)
   (You found it on level 3 of the Dungeon)
 O - a +2 robe of cold resistance (worn)
   (You took it off Fannar on level 3 of the Lair of Beasts)
 X - the +4 ring mail of Tumaetwu {+Fly rElec Int+4, unknown}
   (You found it on level 12 of the Dungeon)

   It affects your intelligence (+4).
   It insulates you from electricity.
   It lets you fly.
Magical Staves
 G - an uncursed staff of energy (weapon) {!a}
   (You found it on level 9 of the Dungeon)
Jewellery
 b - a +3 ring of evasion (left hand)
   (You found it on level 1 of the Dungeon)
 c - an uncursed amulet of regeneration {unknown}
   (You found it on level 6 of the Lair of Beasts)
 j - a +3 amulet of reflection (around neck)
   (You found it on level 5 of the Dungeon)
 l - an uncursed ring of protection from magic
   (You found it on level 1 of the Dungeon)
 m - a ring of magical power (right hand)
   (You found it on level 6 of the Dungeon)
 o - an uncursed ring of protection from cold
   (You found it on level 1 of the Lair of Beasts)
 z - an uncursed ring of see invisible
   (You found it on level 9 of the Dungeon)
Wands
 t - a wand of flame (30)
   (You found it on level 5 of the Lair of Beasts)
 u - a wand of paralysis (3)
   (You took it off Maurice on level 8 of the Dungeon)
 x - a wand of acid (5)
   (You took it off a centaur on level 10 of the Dungeon)
 H - a wand of polymorph (15)
   (You found it on level 10 of the Dungeon)
 I - a wand of enslavement (13)
   (You found it on level 10 of the Dungeon)
 V - a wand of scattershot (4)
   (You found it on level 5 of the Lair of Beasts)
Scrolls
 k - 2 scrolls of acquirement
 p - 3 scrolls of immolation {!r}
 s - 7 scrolls of teleportation {@r4}
 v - 7 scrolls of magic mapping
 w - 3 scrolls of fog
 A - a scroll of blinking
 B - 12 scrolls of remove curse {@r2}
 F - 7 scrolls of enchant armour
 K - 3 scrolls of enchant weapon
 U - 4 scrolls of amnesia {unknown}
 W - 2 scrolls of vulnerability {!r}
 Z - a scroll of fear
Potions
 f - 2 potions of brilliance
 h - a potion of experience {unknown}
 C - a potion of magic
 E - 3 potions of haste {@q3}
 M - a potion of flight
 N - 2 potions of curing {@q1}
 P - a potion of might
 Q - 2 potions of agility
 R - 2 potions of lignification {!q}
 T - 2 potions of heal wounds {@q2}
 Y - a potion of mutation {unknown}
Comestibles
 d - a chunk of flesh
 e - 37 rations {!d}


   Skills:
 + Level 7.9 Fighting
 + Level 13.7 Dodging
 - Level 10.0 Stealth
 - Level 4.0 Shields
 + Level 13.2 Spellcasting
 + Level 14.1 Conjurations
 * Level 7.5 Fire Magic
 - Level 8.0 Ice Magic
 * Level 1.0 Air Magic
 + Level 8.2 Evocations


You had one spell level left.
You knew the following spells:

 Your Spells              Type           Power        Failure   Level  Hunger
a - Flame Tongue          Conj/Fire      #####        1%          1    None
b - Bolt of Fire          Conj/Fire      ######....   1%          6    None
c - Bolt of Cold          Conj/Ice       ######....   1%          6    None
d - Conjure Flame         Conj/Fire      ######..     1%          3    None
e - Freezing Cloud        Conj/Ice/Air   ######....   6%          6    None
q - Sticky Flame          Conj/Fire      ######..     1%          4    None
x - Fireball              Conj/Fire      ######....   1%          5    None
z - Orb of Destruction    Conj           ######....   2%          7    None

Your spell library contained the following spells:

 Spells                   Type           Power        Failure   Level  Hunger
 Lee's Rapid Deconstruct  Erth           ###.......   24%         5    None
 Freeze                   Ice            ####         1%          1    None
 Animate Skeleton         Necr           N/A          3%          1    None
 Apportation              Tloc           ###...       3%          1    None
 Confusing Touch          Hex            ###...       3%          1    None
 Summon Small Mammal      Summ           ###.         3%          1    None
 Throw Flame              Conj/Fire      ######       1%          2    None
 Throw Frost              Conj/Ice       ######       1%          2    None
 Ignite Poison            Fire/Tmut/Pois ####....     1%          3    None
 Inner Flame              Hex/Fire       #####...     1%          3    None
 Ozocubu's Armour         Chrm/Ice       #####...     1%          3    None
 Throw Icicle             Conj/Ice       ######..     1%          4    None
 Bolt of Magma            Conj/Fire/Erth ######....   1%          5    None
 Iskenderun's Battlesphe  Conj/Chrm      ######..     1%          5    None
 Venom Bolt               Conj/Pois      ######....   1%          5    None
 Call Imp                 Summ           ###.....     4%          2    None
 Ozocubu's Refrigeration  Ice            ######....   5%          6    None
 Ice Form                 Ice/Tmut       #####...     6%          4    None
 Summon Ice Beast         Ice/Summ       #####...     6%          4    None
 Iron Shot                Conj/Erth      ######....   8%          6    None
 Call Canine Familiar     Summ           ###.....     10%         3    None
 Confuse                  Hex            ###.....     10%         3    None
 Gell's Gravitas          Tloc           ###.......   10%         3    None
 Summon Guardian Golem    Hex/Summ       ###.....     10%         3    None
 Metabolic Englaciation   Hex/Ice        #####.....   19%         5    None
 Yara's Violent Unravell  Hex/Tmut       ###.......   24%         5    None
 Summon Lightning Spire   Summ/Air       ###.....     26%         4    None
 Cause Fear               Hex            ###.......   32%         4    None
 Petrify                  Tmut/Erth      ###.....     32%         4    None
 Spellforged Servitor     Conj/Summ      ######....   36%         7    None
 Silence                  Hex/Air        ###.......   58%         5    None
 Simulacrum               Ice/Necr       #####.....   69%         6    None
 Ignition                 Fire           ######....   90%         8    None
 Deflect Missiles         Chrm/Air       ###.......   99%         6    None
 Ring of Flames           Chrm/Fire      #####.....   99%         7    None
 Discord                  Hex            ###.......   100%        8    None


Dungeon Overview and Level Annotations

Branches:
Dungeon (14/15)            Temple (1/1) D:4            Lair (6/6) D:10
  Swamp (1/4) Lair:3        Snake (0/4) Lair:3        Slime (0/5) Lair:6
    Orc (1/2) D:11
 Vaults: D:13-14

Altars:
Ashenzari
Cheibriados
Dithmenos
Elyvilon
Fedhas
Gozag
Hepliaklqana
Kikubaaqudgha
Makhleb
Nemelex Xobeh
Okawaru
Qazlal
Ru
Sif Muna
Trog
Uskayaw
Vehumet
Wu Jian
Xom
Yredelemnul
Zin
The Shining One

Shops:
D:10 }*   D:14 (   Orc:1 (

Portals:
Trove: D:12 (lose all piety)

Annotations:
D:6 3 runed translucent doors, Toogi's ghost, novice KoAK
Lair:3 3 runed translucent doors, yrara's ghost, journeyman DsFi
Lair:6 1 runed translucent door


Message History

Okay, then.
Unknown command.
You feel sick.
The spriggan rider unwields a +0 blowgun.
The spriggan rider wields a +0 spear.
The spriggan rider hits you with a +0 spear!
The spriggan rider hits you from afar with a +0 spear!!
* * * LOW HITPOINT WARNING * * *
The spriggan rider barely misses you.
Blink to where?
You are very lightly contaminated with residual magic.
As you read the scroll of blinking, it crumbles to dust.
You feel sick.
You feel better.
Aim: a spriggan rider, wielding a +0 spear (water, lightly wounded)
The orb of destruction hits the spriggan rider!!!
You blow up the spriggan rider!
Vehumet accepts your kill.
You feel your power returning.
You blow up the hornet!
Vehumet accepts your kill.
You feel your power returning.
You hear a splash.
Aim: a spriggan rider, wielding a +0 spear and wearing a +0 buckler The orb of destruction hits the spriggan rider!!!
You kill the spriggan!
Vehumet accepts your kill.
You feel your power returning.
Your Air Magic skill increases to level 1!
Aim: a hornet (severely wounded)
The orb of destruction hits the tyrant leech!!!
You block the hornet's attack. The hornet barely misses you.
Aim: a hornet (severely wounded)
The sticky flame hits the hornet!
The hornet is covered in liquid flames!
The hornet burns!
You kill the hornet!
Vehumet accepts your kill.
You feel your power returning.
Aim: an insubstantial wisp The sticky flame hits the insubstantial wisp.
The insubstantial wisp resists.
The insubstantial wisp closely misses you.
The tyrant leech barely misses you.
You block the insubstantial wisp's attack.
Okay, then.
Aim: an insubstantial wisp The bolt of cold misses the insubstantial wisp.
The tyrant leech bites you!!
You die...

♣♣...≈..♣ ♣♣.
♣♣♣♣♣≈≈≈≈≈.♣ ♣.♣
♣♣♣..≈≈≈♣≈♣○.♣ ♣≈♣
♣♣♣≈.§≈≈≈≈≈≈○≈.♣ ♣♣.♣
....≈≈≈≈.≈≈○..≈♣♣ ♣≈≈♣
.§.≈≈≈≈≈..)≈≈≈.≈♣♣ ♣.♣♣
♣≈.≈≈≈.....≈≈≈≈≈.♣♣ ♣.♣
...≈≈≈..v..≈≈≈≈≈..♣♣♣.♣
≈..≈≈≈.@w..≈≈≈≈≈♣.♣♣..♣
≈≈.♣...≈≈≈..≈≈.....♣..♣
♣♣..≈≈≈≈...♣≈≈≈.♣§.♣
♣♣.≈≈♣≈≈≈.♣♣≈≈≈..≈♣
♣..♣≈≈♣≈..♣♣.≈≈≈♣♣
♣♣.≈≈♣≈.≈≈♣♣..≈..♣
♣....≈.≈≈♣♣♣..≈.♣
♣.♣♣.≈≈♣.♣ ♣♣≈≈.♣
♣♣<≈≈.♣≈♣.♣♣♣.≈..♣♣


You could see a tyrant leech and an insubstantial wisp.

Vanquished Creatures
  Frances (D:12)
  Snorg (D:12)
  Fannar (Lair:3)
  Josephine (D:10)
  Erolcha (D:11)
  5 hydras
  5 two-headed ogres
  A death knight (D:11)
  Erica (D:8)
  4 death yaks
  Sonja (Lair:3)
  Nergalle (D:12)
  5 skeletal warriors (D:11)
  An unseen horror (D:13)
  2 lindwurms (Lair:6)
  A necromancer (IceCv)
  3 ugly things
  3 oklob plants (Lair:6)
  2 deep elf magi
  Maurice (D:8)
  3 cyclopes
  A manticore (D:12)
  3 elephants (Lair:6)
  2 ice statues (IceCv)
  4 black mambas
  6 torpor snails
  A centaur skeleton (D:10)
  A gargoyle (D:12)
  8 spiny frogs
  A kobold demonologist (D:12)
  3 komodo dragons
  2 rime drakes (Lair:5)
  6 ice devils
  4 trolls
  3 meliai (D:12)
  A polar bear (Lair:6)
  A queen bee (D:12)
  3 tyrant leeches (Lair:6)
  3 blink frogs (Lair:1)
  10 hornets
  Grinder (D:3)
  6 dream sheep (Lair:4)
  11 hippogriffs
  A meliai zombie (D:12)
  4 spriggans
  44 yaks
  7 wraiths
  3 wyverns
  Sigmund (D:3)
  3 basilisks
  4 hungry ghosts
  5 vampire mosquitoes (Lair:3)
  A swamp worm (Swamp:1)
  4 acid dragons
  7 insubstantial wisps
  A naga (Lair:3)
  16 water moccasins
  Duvessa (D:5)
  3 swamp drakes
  14 porcupines
  3 black bears
  5 orc warriors
  3 ice beasts
  6 sky beasts
  An eye of draining (D:12)
  4 phantoms
  7 ogres
  4 wolves (Lair:3)
  15 centaurs
  14 crocodiles
  3 big kobolds
  15 bullfrogs
  A wyvern zombie (D:13)
  A gnoll sergeant (D:11)
  Dowan (D:5)
  2 wyvern skeletons
  6 scorpions
  21 killer bees (D:12)
  11 wights
  3 howler monkeys
  An electric eel (Lair:3)
  2 crimson imps
  A centaur zombie (D:10)
  2 draconian simulacra (IceCv)
  9 hounds
  4 jellies
  5 orc priests
  2 bullfrog skeletons (D:5)
  3 iguanas
  15 orc wizards
  8 worker ants
  3 hell rats (D:10)
  A killer bee zombie (D:10)
  5 troll simulacra (IceCv)
  A hound zombie (D:7)
  2 hound skeletons
  2 howler monkey zombies (D:5)
  5 gnolls
  2 worker ant zombies
  12 adders
  A howler monkey skeleton (D:8)
  3 naga simulacra (IceCv)
  A river rat (D:10)
  A shadow imp (D:7)
  An adder zombie (D:9)
  2 worms
  4 dart slugs
  8 leopard geckos
  54 orcs
  9 giant cockroaches
  4 goblins
  11 hobgoblins
  10 jackals
  18 kobolds
  4 quokkas
  10 bats
  9 frilled lizards
  A quokka zombie (D:6)
  7 rats
  3 plants
616 creatures vanquished.

Vanquished Creatures (others)
  A wizard (D:13)
  A centaur (D:11)
  4 fungi
  15 plants
21 creatures vanquished.

Grand Total: 637 creatures vanquished

Notes
Turn   | Place    | Note
-------+----------+-------------------------------------------
     0 | D:1      | LostNumber the Deep Elf Fire Elementalist began the quest
                  | for the Orb.
     0 | D:1      | Reached XP level 1. HP: 10/10 MP: 6/6
   427 | D:1      | Reached XP level 2. HP: 15/15 MP: 6/8
   714 | D:1      | Reached skill level 2 in Conjurations
   838 | D:1      | Reached XP level 3. HP: 19/19 MP: 6/9
  1310 | D:2      | Reached XP level 4. HP: 19/24 MP: 3/11
  1487 | D:2      | Found a basalt altar of Yredelemnul.
  1654 | D:2      | Reached skill level 3 in Conjurations
  1814 | D:2      | Learned a level 3 spell: Conjure Flame
  1819 | D:2      | Learned a level 4 spell: Sticky Flame
  1935 | D:3      | Found a blossoming altar of Fedhas.
  1938 | D:3      | Found a stormy altar of Qazlal.
  1940 | D:3      | Reached XP level 5. HP: 25/28 MP: 8/13
  2216 | D:3      | Noticed Grinder
  2222 | D:3      | Paralysed by Grinder for 2 turns
  2240 | D:3      | Paralysed by Grinder for 6 turns
  2255 | D:3      | Killed Grinder
  2255 | D:3      | Reached skill level 4 in Conjurations
  2255 | D:3      | Reached XP level 6. HP: 32/32 MP: 3/15
  2281 | D:3      | Noticed Sigmund
  2367 | D:3      | Killed Sigmund
  2367 | D:3      | Reached skill level 5 in Spellcasting
  2367 | D:3      | Reached skill level 5 in Conjurations
  2367 | D:3      | Reached skill level 5 in Fire Magic
  2367 | D:3      | Reached XP level 7. HP: 36/36 MP: 8/16
  2377 | D:3      | Learned a level 5 spell: Fireball
  2886 | D:4      | Found a staircase to the Ecumenical Temple.
  2893 | Temple   | Entered the Ecumenical Temple
  3417 | D:4      | Found an iron altar of Okawaru.
  3675 | D:5      | Entered Level 5 of the Dungeon
  3717 | D:5      | Reached skill level 5 in Dodging
  3729 | D:5      | Found a white marble altar of Elyvilon.
  3893 | D:5      | Reached skill level 1 in Shields
  3893 | D:5      | Reached skill level 6 in Conjurations
  3915 | D:5      | Reached XP level 8. HP: 38/41 MP: 5/19
  4172 | D:5      | Found a bloodstained altar of Trog.
  4307 | D:5      | Noticed Dowan
  4471 | D:5      | Noticed Duvessa
  4505 | D:5      | Killed Duvessa
  4525 | D:5      | Killed Dowan
  4788 | D:5      | Found an opulent altar of Gozag.
  4804 | D:5      | Reached skill level 7 in Conjurations
  5265 | D:6      | Found a hazy altar of Hepliaklqana.
  5266 | D:6      | Found a shimmering altar of Xom.
  5267 | D:6      | Noticed a spectral ugly thing
  5314 | D:6      | Reached XP level 9. HP: 38/45 MP: 8/21
  5364 | D:6      | Found a runed translucent gate.
  5365 | D:6      | Found a runed translucent gate.
  5365 | D:6      | Found a runed translucent gate.
  5367 | D:6      | Noticed Toogi's ghost (novice KoAK)
  5754 | D:7      | Found an ancient bone altar of Kikubaaqudgha.
  5756 | D:7      | Found a shattered altar of Ashenzari.
  5759 | D:7      | Found a radiant altar of Vehumet.
  5764 | D:7      | Became a worshipper of Vehumet
  5842 | D:7      | Reached skill level 8 in Conjurations
  5932 | D:7      | Found an iron altar of Okawaru.
  6361 | D:7      | Learned a level 6 spell: Bolt of Cold
  6607 | D:8      | Reached skill level 1 in Ice Magic
  6623 | D:8      | Reached skill level 9 in Conjurations
  6805 | D:8      | Reached XP level 10. HP: 50/50 MP: 24/24
  6811 | D:8      | Reached * piety under Vehumet
  6811 | D:8      | Offered knowledge of Sandblast by Vehumet.
  6995 | D:8      | Noticed Erica
  7317 | D:8      | Killed Erica
  7420 | D:8      | Reached skill level 5 in Stealth
  7555 | D:8      | Noticed Maurice
  7568 | D:8      | Killed Maurice
  7568 | D:8      | Reached skill level 10 in Conjurations
  8468 | D:9      | Found a deep blue altar of Sif Muna.
  8504 | D:9      | Reached ** piety under Vehumet
  8692 | D:10     | Entered Level 10 of the Dungeon
  8698 | D:10     | Offered knowledge of Magic Dart by Vehumet.
  8773 | D:10     | Found Fegyed's Mayhem Merchandise.
  8782 | D:10     | Noticed a death yak
  8818 | D:10     | Noticed a death yak
  8819 | D:10     | Noticed a death yak
  8830 | D:10     | Reached XP level 11. HP: 54/54 MP: 26/26
  8857 | D:10     | Killed a death yak
  9156 | D:10     | Reached skill level 11 in Conjurations
  9474 | D:10     | Found Motwomea's Gadget Shop.
  9572 | D:10     | Reached skill level 10 in Spellcasting
  9590 | D:10     | Offered knowledge of Stone Arrow by Vehumet.
  9603 | D:10     | Noticed Josephine
  9718 | D:10     | Killed Josephine
  9718 | D:10     | Reached skill level 5 in Ice Magic
  9724 | D:10     | Reached skill level 1 in Fighting
  9817 | D:10     | Killed a death yak
  9848 | D:10     | Killed a death yak
 10102 | D:10     | Found a staircase to the Lair.
 10252 | Lair:1   | Entered Level 1 of the Lair of Beasts
 10710 | Lair:1   | Reached *** piety under Vehumet
 11371 | Lair:1   | Reached skill level 12 in Conjurations
 11396 | Lair:1   | Offered knowledge of Dazzling Spray by Vehumet.
 11728 | Lair:2   | Reached XP level 12. HP: 64/64 MP: 28/28
 12249 | Lair:2   | Reached skill level 10 in Dodging
 12735 | Lair:3   | Found a staircase to the Swamp.
 12838 | Lair:3   | Found a frozen archway.
 12840 | Lair:3   | Reached **** piety under Vehumet
 12849 | IceCv    | Entered an ice cave
 12985 | IceCv    | Offered knowledge of Ignite Poison by Vehumet.
 13487 | Lair:3   | Noticed a six-headed hydra
 13493 | Lair:3   | Killed a six-headed hydra
 13526 | Lair:3   | Noticed Fannar
 13545 | Lair:3   | Killed Fannar
 13691 | Lair:3   | Reached skill level 13 in Conjurations
 13809 | Lair:3   | Found a runed translucent gate.
 13810 | Lair:3   | Found a runed translucent gate.
 13811 | Lair:3   | Found a runed translucent gate.
 13811 | Lair:3   | Noticed a ten-headed hydra
 13812 | Lair:3   | Noticed yrara's ghost (journeyman DsFi)
 13812 | Lair:3   | Noticed a nine-headed hydra
 13832 | Lair:3   | Found a staircase to the Snake Pit.
 14155 | Lair:2   | Learned a level 7 spell: Orb of Destruction
 14331 | Lair:3   | Noticed Sonja
 14333 | Lair:3   | Killed Sonja
 14690 | Lair:3   | Noticed a death yak
 14847 | Lair:3   | Killed a death yak
 15207 | Lair:4   | Reached XP level 13. HP: 70/70 MP: 15/30
 15732 | Lair:4   | Reached skill level 10 in Stealth
 15873 | Lair:4   | Identified 2 scrolls of acquirement
 16115 | Lair:4   | Reached ***** piety under Vehumet
 16733 | Lair:5   | Offered knowledge of Force Lance by Vehumet.
 17243 | Lair:6   | Entered Level 6 of the Lair of Beasts
 17417 | Lair:6   | Reached skill level 1 in Evocations
 17785 | Lair:6   | Reached skill level 5 in Fighting
 17809 | Lair:6   | Reached skill level 14 in Conjurations
 18970 | Lair:6   | Found a staircase to the Slime Pits.
 19115 | Lair:6   | Found a runed translucent door.
 19116 | Lair:6   | Noticed a fire dragon
 19877 | Lair:6   | Noticed a fire dragon
 20082 | D:11     | Reached XP level 14. HP: 80/80 MP: 3/33
 20220 | D:11     | Reached skill level 5 in Evocations
 20238 | D:11     | Noticed Erolcha
 20241 | D:11     | Killed Erolcha
 20480 | D:11     | Offered knowledge of Lee's Rapid Deconstruction by Vehumet.
 20515 | D:11     | Found a staircase to the Orcish Mines.
 21062 | D:12     | Noticed Snorg
 21062 | D:12     | Noticed Nergalle
 21064 | D:12     | Killed Nergalle
 21679 | D:12     | Got a distressingly furry ring mail
 21782 | D:12     | Noticed Frances
 21787 | D:12     | Killed Frances
 21937 | D:12     | Killed Snorg
 22216 | D:12     | Found a portal to a secret trove of treasure.
 22673 | D:13     | Found a bloodstained altar of Trog.
 23112 | D:14     | Found Mino's Weapon Shop.
 23198 | Orc:1    | Entered Level 1 of the Orcish Mines
 23225 | Orc:1    | Found Tyan Qio's Weapon Shop.
 23406 | D:9      | Identified Sif Muna's Guide on the Glacier
 23496 | D:10     | Bought a book of Fire for 715 gold pieces
 23573 | Swamp:1  | Entered Level 1 of the Swamp
 23870 | Lair:3   | Learned a level 6 spell: Bolt of Fire
 23877 | Lair:3   | Learned a level 6 spell: Freezing Cloud
 24049 | Swamp:1  | Reached skill level 1 in Air Magic
 24054 | Swamp:1  | Slain by a tyrant leech

Skill      XL: |  1  2  3  4  5  6  7  8  9 10 11 12 13 14 |
---------------+-------------------------------------------+-----
Conjurations   | 2 3 4 5 6 7 9 10 12 13 14 | 14.1
Dodging        | 3 4 5 6 7 8 9 10 12 13 | 13.7
Fire Magic     | 4 5 6 7 |  7.5
Spellcasting   | 4 5 6 7 8 9 10 11 13 | 13.2
Shields        | 1 3 4 |  4.0
Stealth        | 4 6 8 9 10 | 10.0
Ice Magic      | 1 4 6 7 8 |  8.0
Fighting       | 2 4 6 7 |  7.9
Evocations     | 4 8 |  8.2
Air Magic      | 1 |  1.0

Action                   |  1- 3 |  4- 6 |  7- 9 | 10-12 | 13-15 || total
-------------------------+-------+-------+-------+-------+-------++-------
Melee: Unarmed           |     2 |       |       |       |       ||     2
       Spear             |     8 |     8 |    46 |       |       ||    62
       Falchion          |       |       |    40 |    23 |       ||    63
       Short sword       |       |       |     2 |       |       ||     2
       Staff             |       |       |       |    42 |   120 ||   162
 Cast: Flame Tongue      |    74 |    76 |   192 |   372 |   213 ||   927
       Sticky Flame      |       |     2 |    34 |   115 |    99 ||   250
       Conjure Flame     |       |       |     3 |     4 |     1 ||     8
       Fireball          |       |       |       |    34 |     5 ||    39
       Bolt of Cold      |       |       |       |    13 |    43 ||    56
       Orb of Destructio |       |       |       |    10 |   108 ||   118
Evoke: Wand              |       |       |       |     1 |       ||     1
       Staff of energy   |       |       |       |       |    42 ||    42
  Use: Scroll            |     3 |       |     4 |     9 |     7 ||    23
       Potion            |       |     1 |     6 |     1 |     3 ||    11
 Stab: Sleeping          |     1 |     1 |     2 |     2 |     1 ||     7
       Distracted        |       |       |       |     1 |       ||     1
  Eat: Chunk             |     1 |     3 |    17 |    26 |    26 ||    73
       Ration            |       |       |       |     1 |     1 ||     2
Armor: Robe              |     7 |     4 |     9 |     8 |    15 ||    43
Dodge: Dodged            |    23 |    26 |   121 |   201 |   235 ||   606
       Deflected         |     1 |     1 |       |       |       ||     2
Block: Buckler           |       |       |    44 |   107 |   120 ||   271
       Reflection        |       |       |     3 |     5 |     7 ||    15
       Rpst.: Falchion   |       |       |    14 |    25 |       ||    39
